 Dungeon Crawl Stone Soup version 0.30-a0-799-g109b55a442 (webtiles) character file.

Game seed: 11917829122636623720

48428 cforsyth the Warrior (level 14, -21/119 HPs)
             Began as a Djinni Conjurer on Feb 20, 2023.
             Demolished by a rockslime (39 damage)
             ... on level 1 of the Pits of Slime.
             The game lasted 00:57:57 (13559 turns).

cforsyth the Warrior (Djinni Conjurer)             Turns: 13559, Time: 00:57:58

Health: -21/119    AC: 10    Str:  9    XL:     14   Next: 86%
Gold:   536        EV: 12    Int: 24    God:
                   SH:  0    Dex: 13

rFire   + . .      SeeInvis .    C - +5 woodcutter's axe
rCold   . . .      Faith    .    (shield currently unavailable)
rNeg    . . .      Spirit   .    J - +0 troll leather armour
rPois   ∞          Reflect  .    l - +0 helmet
rElec   .          Harm     .    z - +1 cloak {Will+}
rCorr   +          Rampage  .    O - +2 pair of gloves of Kofuhu {Str+3}
Will    ++...                    (boots unavailable)
Stlth   ++                       n - amulet of regeneration
HPRegen 1.99/turn                k - ring of resist corrosion
MPRegen 0.00/turn                s - ring of ice

@: flying
A: sickness immunity, fire resistance 2, cold vulnerability 1, float, innate
caster, HP casting, extra vitality 1
a: no special abilities


You were on level 1 of the Pits of Slime.
You visited 4 branches of the dungeon, and saw 17 of its levels.
You also visited: Sewer, Ossuary and Volcano.

You collected 838 gold pieces.
You spent 302 gold pieces at shops.

Inventory:

Hand Weapons
 u - a +0 flail of protection
 C - the +5 woodcutter's axe (weapon)
   (You took it off Blork the orc on level 5 of the Dungeon)
 X - the +2 arbalest of the Final Decision {freeze, rC+ rCorr Stlth-}
   (You found it on level 3 of the Lair of Beasts)

   rC:        It protects you from cold.
   rCorr:     It protects you from acid and corrosion.
   Stlth:     It makes you less stealthy.
Armour
 l - a +0 helmet (worn)
 z - a +1 cloak of willpower (worn)
 J - a +0 troll leather armour (worn)
 O - the +2 pair of gloves of Kofuhu (worn) {Str+3}
   (You bought it in a shop on level 9 of the Dungeon)

   Str:       It affects your strength (+3).
 S - a +2 cloak of fire resistance
 T - the +1 leather armour of Boredom {rC+ rN+ Dex+3}
   (You found it on level 2 of the Lair of Beasts)

   Dex:       It affects your dexterity (+3).
   rC:        It protects you from cold.
   rN:        It protects you from negative energy.
Jewellery
 e - a +5 ring of evasion
 k - a ring of resist corrosion (left hand)
 n - an amulet of regeneration (around neck)
 s - a ring of ice (right hand)
 B - a ring of protection from fire
 P - a ring of see invisible
Wands
 m - a wand of digging (6)
 r - a wand of flame (60)
 t - a wand of iceblast (16)
 y - a wand of polymorph (20)
 L - a wand of acid (17)
 W - a wand of mindburst (17)
Scrolls
 a - 2 scrolls of blinking
 b - 4 scrolls of teleportation
 g - a scroll of butterflies {unknown}
 h - 3 scrolls of fog
 j - 3 scrolls of amnesia
 p - 4 scrolls of enchant weapon {unknown}
 x - 2 scrolls of immolation {unknown}
 A - 4 scrolls of vulnerability
 E - 2 scrolls of fear
 G - a scroll of acquirement
 H - a scroll of torment
 K - a scroll of magic mapping
 M - 2 scrolls of brand weapon {unknown}
 N - 4 scrolls of identify
 Q - a scroll of poison {unknown}
 Y - a scroll of enchant armour
Potions
 c - 2 potions of invisibility
 d - 2 potions of lignification {unknown}
 f - 8 potions of curing
 i - 8 potions of heal wounds
 o - 4 potions of mutation
 q - 7 potions of attraction
 v - 2 potions of haste
 w - a potion of ambrosia
 D - 4 potions of might
 F - a potion of resistance
 I - 4 potions of brilliance
 R - 4 potions of magic {unknown}
 U - 2 potions of berserk rage {unknown}
 V - a potion of cancellation {unknown}
 Z - a potion of experience {unknown}


   Skills:
 + Level 17.0 Fighting
 - Level 4.0 Dodging
 - Level 3.2 Stealth
 + Level 13.9 Spellcasting


You knew the following spells:

 Your Spells              Type           Power      Damage    Failure   Level
a - Magic Dart            Conj           100%       1d8       0%          1
b - Searing Ray           Conj           100%       2d8       1%          2
c - Dazzling Flash        Conj/Hex       100%       N/A       1%          3
d - Fulminant Prism       Conj/Hex       35%        3d17      1%          4
e - Iskenderun's Mystic   Conj/Tloc      71%        2d14      1%          4
f - Summon Forest         Summ/Tloc      35%        N/A       1%          5
g - Blink                 Tloc           100%       N/A       1%          2
h - Vhi's Electric Charg  Tloc/Air       100%       N/A       1%          3
i - Vampiric Draining     Necr           71%        2d11      1%          3
j - Summon Small Mammal   Summ           100%       N/A       0%          1
k - Silence               Hex/Air        35%        N/A       1%          5
Your spell library was empty.

Dungeon Overview and Level Annotations

Branches:
Dungeon (10/15)            Temple (1/1) D:7            Lair (5/5) D:10
  Swamp (0/4) Lair:2        Snake (0/4) Lair:2        Slime (1/5) Lair:5
  Sewer (visited)         Ossuary (visited)         Volcano (visited)
    Orc: D:9-12

Altars:
Ashenzari
Cheibriados
Dithmenos
Elyvilon
Fedhas
Gozag
Hepliaklqana
Makhleb
Nemelex Xobeh
Okawaru
Qazlal
Ru
Trog
Uskayaw
Wu Jian
Xom
Yredelemnul
Zin
The Shining One

Shops:
D:7 *   D:8 [   D:9 *

Annotations:
D:9 1 runed translucent door, Dittersdorf's ghost, novice GrFi


Innate Abilities, Weirdness & Mutations

You are immune to sickness and miasma.
You are immune to poison.
Your flesh is very heat resistant. (rF++)
You are vulnerable to cold. (rC-)
You float through the air rather than walking.
You learn spells naturally, not from books.
Your magical power is your life essence.
You have superior vitality. (+4 MHP)


Message History

You start waiting.
Done waiting.
There is a staircase to the Slime Pits here.
You fly downwards.
Welcome back to the Pits of Slime!
This branch is unnaturally silent: sounds travel farther here.
This branch contains the slimy rune of Zot.
The rockslime hits you!!!
You are shoved backwards!
The azure jelly hits you but does no damage. x2
The azure jelly hits you. x2
The golden eye blinks at you. You resist with almost no effort.
The golden eye blinks at you. You resist with almost no effort.
The azure jelly hits you but does no damage.
The azure jelly hits you. The azure jelly freezes you!!!
* * * LOW HITPOINT WARNING * * *
The azure jelly hits you.
* * * LOW HITPOINT WARNING * * *
The azure jelly hits you but does no damage.
The rockslime hits you.
* * * LOW HITPOINT WARNING * * *
You hold your ground!
Casting: Iskenderun's Mystic Blast (safe; 1% risk of failure)
Confirm with . or Enter, or press ? or * to list all spells.
You erupt in a blast of force!
The mystic blast hits the golden eye!!
You kill the golden eye!
The mystic blast hits the slime creature!!
The slime creature is heavily wounded.
The mystic blast hits the slime creature!!
The slime creature is heavily wounded.
The slime creature is knocked back by the mystic blast.
The mystic blast hits the azure jelly!
The azure jelly is lightly wounded.
The azure jelly is knocked back by the mystic blast.
The mystic blast hits the rockslime but does no damage.
The mystic blast hits the golden eye!!
You kill the golden eye!
* * * LOW HITPOINT WARNING * * *
The rockslime hits you!!!
You die...

# ######### ### #
##.#.J...#.###..#.#
##....J@.....#......
#...................
##.#...J.J..........
# ##.JJ......>.....
#.............J.
#....#...........
#................
..................
...................


You could see an acid blob, an azure jelly, a large slime creature, 2 slime
creatures and a rockslime.

Vanquished Creatures
  A fire dragon (Volcano)
  A merfolk avatar (Lair:5)
  5 hydras
  A death knight (D:10)
  Erica (D:9)
  A two-headed ogre (D:9)
  Sonja (Lair:4)
  2 skysharks
  Amaemon (D:8)
  A swamp dragon (Lair:1)
  Pikel (D:7)
  2 bog bodies (Lair:2)
  5 lindwurms
  3 harpies (Lair:5)
  A salamander (Lair:2)
  An oklob plant (D:7)
  An ugly thing (D:10)
  3 elephants (Lair:4)
  2 cyclopes (D:10)
  A black mamba (Lair:4)
  Joseph (D:7)
  Maurice (D:8)
  An orange demon (D:8)
  Maggie (D:8)
  9 cane toads
  Psyche (D:8)
  5 rime drakes
  3 komodo dragons (Lair:5)
  3 polar bears
  Prince Ribbit (D:7)
  A wind drake (Lair:5)
  21 blink frogs
  A snapping turtle (Lair:4)
  6 dream sheep (Lair:5)
  6 slime creatures
  40 yaks
  6 wyverns
  A wraith (Ossuary)
  7 vampire mosquitoes (Lair:1)
  3 basilisks
  2 golden eyes (Slime:1)
  6 steam dragons
  Edmund (D:4)
  Menkaure (D:4)
  13 water moccasins
  2 swamp drakes (Lair:1)
  A black bear (D:5)
  3 ice beasts
  3 sky beasts
  24 wolves
  2 centaurs
  4 lemures (D:7)
  A phantom (D:6)
  Blork the orc (D:5)
  5 kobold brigands
  A gnoll sergeant (D:8)
  8 bullfrogs
  An elf zombie (Ossuary)
  3 scorpions
  22 wights
  3 killer bees (D:8)
  7 howler monkeys
  3 lava snakes (Lair:2)
  5 jellies
  A gnoll bouda (D:7)
  5 orc priests
  Crazy Yiuf (D:4)
  6 hounds
  5 iguanas
  Ijyb (D:4)
  Natasha (D:3)
  10 orc wizards
  Terence (D:3)
  3 mummies (Ossuary)
  5 river rats
  14 adders
  8 gnolls
  A shadow imp (D:6)
  2 ufetubi
  6 worms
  2 dart slugs
  30 orcs
  13 ball pythons
  2 bats (D:1)
  9 endoplasms
  6 giant cockroaches
  A gnoll zombie (Ossuary)
  7 goblins
  5 hobgoblins
  2 jackals (D:1)
  25 kobolds
  6 quokkas
  11 frilled lizards
  4 goblin zombies (Ossuary)
  A hobgoblin zombie (Ossuary)
  3 kobold zombies (Ossuary)
  5 rats
  A snaplasher vine (D:9)
478 creatures vanquished.

Vanquished Creatures (collateral kills)
  A komodo dragon (Lair:5)
  An orc warrior (D:8)
  2 killer bees (D:8)
  A howler monkey (D:9)
  An orc priest (D:9)
  An orc (D:9)
7 creatures vanquished.

Vanquished Creatures (others)
  An orc wizard (D:3)
  247 fulminant prisms
  31 fungi
  71 plants
  A snaplasher vine (D:8)
351 creatures vanquished.

Grand Total: 836 creatures vanquished

Notes
Turn   | Place    | Note
-------+----------+-------------------------------------------
     0 | D:1      | cforsyth the Djinni Conjurer began the quest for the Orb.
     0 | D:1      | cforsyth set off with the following spells memorised: Magic
                  | Dart, Searing Ray, Dazzling Flash, Fulminant Prism,
                  | Iskenderun's Mystic Blast.
     0 | D:1      | Reached XP level 1. HP: 15/15 MP: 0/0
    17 | D:1      | Reached XP level 2. HP: 13/21 MP: 0/0
    92 | D:1      | Found a faded altar of an unknown god.
   353 | D:1      | Reached XP level 3. HP: 22/25 MP: 0/0
   353 | D:1      | Learned a level 1 spell: Summon Small Mammal
  1058 | D:2      | Reached XP level 4. HP: 26/31 MP: 0/0
  1433 | D:3      | Reached XP level 5. HP: 33/35 MP: 0/0
  1433 | D:3      | Learned a level 2 spell: Blink
  1768 | D:3      | Noticed Terence
  1780 | D:3      | Killed Terence
  1971 | D:3      | Noticed Natasha
  1974 | D:3      | Killed Natasha
  1975 | D:3      | Reached XP level 6. HP: 40/40 MP: 0/0
  2107 | D:4      | Noticed Edmund
  2122 | D:4      | Killed Edmund
  2123 | D:4      | Reached skill level 2 in Fighting
  2203 | D:4      | Reached XP level 7. HP: 47/49 MP: 0/0
  2203 | D:4      | Learned a level 3 spell: Vhi's Electric Charge
  2326 | D:4      | Noticed Menkaure
  2332 | D:4      | Killed Menkaure
  2333 | D:4      | Reached skill level 3 in Fighting
  2344 | D:4      | Reached skill level 5 in Spellcasting
  2377 | D:4      | Noticed Ijyb
  2404 | D:4      | Killed Ijyb
  2890 | D:4      | Found a runed translucent door.
  2891 | D:4      | Noticed Crazy Yiuf
  2904 | D:4      | Killed Crazy Yiuf
  3042 | D:4      | Reached skill level 4 in Fighting
  3081 | D:4      | Reached XP level 8. HP: 58/58 MP: 0/0
  3250 | D:5      | Entered Level 5 of the Dungeon
  3440 | D:5      | Noticed Blork the orc
  3455 | D:5      | Killed Blork the orc
  3456 | D:5      | Reached skill level 5 in Fighting
  3745 | D:6      | Reached skill level 6 in Fighting
  3748 | D:6      | Reached XP level 9. HP: 42/66 MP: 0/0
  3748 | D:6      | Learned a level 3 spell: Vampiric Draining
  3771 | D:6      | Found a sand-covered staircase.
  3776 | Ossuary  | Entered an ossuary
  4105 | D:6      | Found a glowing drain.
  4113 | Sewer    | Entered a sewer
  4163 | Sewer    | Reached skill level 7 in Fighting
  5142 | D:6      | Found an iron altar of Okawaru.
  5297 | D:6      | Reached skill level 8 in Fighting
  5461 | D:7      | Found a hide-covered altar of Uskayaw.
  5481 | D:7      | Reached XP level 10. HP: 74/76 MP: 0/0
  5512 | D:7      | Found Zigopapp's General Store.
  5523 | D:7      | Bought a potion of curing for 36 gold pieces
  5554 | D:7      | Noticed Pikel
  5569 | D:7      | Killed Pikel
  5570 | D:7      | Reached skill level 9 in Fighting
  5576 | D:7      | Identified a scroll of acquirement
  5619 | D:7      | Noticed Prince Ribbit
  5629 | D:7      | Killed Prince Ribbit
  5785 | D:7      | Noticed Joseph
  5799 | D:7      | Killed Joseph
  5884 | D:7      | Found a staircase to the Ecumenical Temple.
  5899 | Temple   | Entered the Ecumenical Temple
  5924 | D:7      | Found a blossoming altar of Fedhas.
  5944 | D:7      | Noticed an oklob plant
  5964 | D:7      | Killed an oklob plant
  6107 | D:8      | Reached skill level 10 in Fighting
  6214 | D:8      | Noticed an orange demon
  6216 | D:8      | Noticed Amaemon
  6279 | D:8      | Killed Amaemon
  6280 | D:8      | Reached XP level 11. HP: 82/86 MP: 0/0
  6280 | D:8      | Learned a level 5 spell: Summon Forest
  6385 | D:8      | Noticed Maggie
  6389 | D:8      | Noticed Maurice
  6394 | D:8      | Killed Maggie
  6400 | D:8      | Killed Maurice
  6438 | D:8      | Reached skill level 11 in Fighting
  6484 | D:8      | Noticed Psyche
  6495 | D:8      | Killed Psyche
  6559 | D:8      | Found a broken altar of Ashenzari.
  6590 | D:8      | Found Erlang Shen's Dragon-Slaying Spoils.
  7144 | D:9      | Noticed a two-headed ogre
  7154 | D:9      | Killed a two-headed ogre
  7238 | D:9      | Found a runed translucent door.
  7238 | D:9      | Noticed Dittersdorf's ghost (novice GrFi)
  7255 | D:9      | Identified the +9 falchion of Light {drain, rElec}
  7275 | D:9      | Noticed Erica
  7290 | D:9      | Killed Erica
  7291 | D:9      | Reached skill level 10 in Spellcasting
  7326 | D:9      | Found Xoona's Assorted Antiques.
  7334 | D:9      | Bought a pair of slimy gloves for 266 gold pieces
  7334 | D:9      | Identified the +2 pair of gloves of Kofuhu {Str+3} (You
                  | bought it in a shop on level 9 of the Dungeon)
  7412 | D:9      | Reached skill level 12 in Fighting
  7770 | D:10     | Entered Level 10 of the Dungeon
  7870 | D:10     | Found a burning altar of Makhleb.
  7886 | D:10     | Reached XP level 12. HP: 89/95 MP: 0/0
  8003 | D:10     | Noticed a four-headed hydra
  8012 | D:10     | Killed a four-headed hydra
  8014 | D:10     | Noticed a death knight
  8020 | D:10     | Killed a death knight
  8116 | D:10     | Reached skill level 13 in Fighting
  8293 | D:10     | Found a staircase to the Lair.
  8359 | Lair:1   | Entered Level 1 of the Lair of Beasts
  8395 | Lair:1   | Found a dark tunnel.
  8405 | Volcano  | Entered a volcano
  8599 | Volcano  | Noticed a fire dragon
  8614 | Volcano  | Killed a fire dragon
  8729 | Lair:1   | Noticed a swamp dragon
  8751 | Lair:1   | Reached XP level 13. HP: 99/104 MP: 0/0
  8751 | Lair:1   | Learned a level 5 spell: Silence
  8760 | Lair:1   | Reached skill level 14 in Fighting
  9098 | Lair:1   | Identified the +3 flail "Cuup" {freeze, Str+3 Int+6}
  9528 | Lair:2   | Noticed a six-headed hydra
  9538 | Lair:2   | Killed a six-headed hydra
  9567 | Lair:2   | Identified the +1 leather armour of Boredom {rC+ rN+ Dex+3}
  9627 | Lair:2   | Found a staircase to the Swamp.
  9781 | Lair:2   | Reached skill level 15 in Fighting
  9831 | Lair:2   | Noticed a five-headed hydra
  9841 | Lair:2   | Killed a five-headed hydra
 10189 | Lair:2   | Found a staircase to the Snake Pit.
 10436 | Lair:3   | Identified the +2 arbalest of the Final Decision {freeze,
                  | rC+ rCorr Stlth-}
 11378 | Lair:4   | Noticed Sonja
 11386 | Lair:4   | Killed Sonja
 11532 | Lair:4   | Reached XP level 14. HP: 111/114 MP: 0/0
 11979 | Lair:5   | Entered Level 5 of the Lair of Beasts
 12005 | Lair:5   | Reached skill level 16 in Fighting
 12364 | Lair:5   | Found a staircase to the Slime Pits.
 13093 | Slime:1  | Entered Level 1 of the Pits of Slime
 13110 | Slime:1  | Reached skill level 17 in Fighting
 13111 | Slime:1  | Noticed an azure jelly
 13113 | Slime:1  | Noticed an acid blob
 13331 | Slime:1  | Noticed a rockslime
 13559 | Slime:1  | Demolished by a rockslime

Illustrated notes

Levels and vault maps discovered:
D:1:      dpeg_arrival_stonehenge_12_columns, layout_basic,
          hellmonk_ecumenical_altar_pennies_from_heaven, minmay_lizard_pond
D:2:      layout_rooms
D:3:      layout_basic, uniq_natasha, uniq_terence
D:4:      minmay_recursive_quarters, layout_layer_cave, minmay_snake_closets,
          uniq_menkaure, uniq_ijyb, uniq_edmund, uniq_crazy_yiuf_cottage
D:5:      layout_basic, uniq_blork_the_orc
D:6:      layout_basic, okawaru_ov_weapons_minmay, portal_sewer_entry_a,
          enter_ossuary_2
D:7:      layout_gridville, tgw_fedhas,
          nicolae_uskayaw_murder_on_the_dancefloor, minmay_temple_entry_mist,
          serial_shops, shop, uniq_prince_ribbit1, uniq_pikel, uniq_joseph
D:8:      layout_basic, lemuel_doored_altar, nicolae_shop_dragon_depot,
          uniq_amaemon, uniq_psyche, uniq_maggie, uniq_maurice
D:9:      layout_long_grid, hellmonk_ghost_big_iron, serial_shops,
          nicolae_shop_overgrown_old_shop, uniq_erica
D:10:     layout_loops_cross, mainiacjoe_overflow_surrounded_room,
          david_lair_shrubbed, chequers_hall_statues_y, nrook_pool_corridor,
          hangedman_decor_riveting, minmay_shattered_shrine
Temple:   sentei_temple_godly_chess
Lair:1:   layout_loops_ring, enter_volcano_1, pond
Lair:2:   layout_gridlike, skrybe_swamp_entry_bodies,
          nicolae_snake_entry_warm_welcome
Lair:3:   wander_river, layout_layer_cave, grunt_megastairs_2
Lair:4:   layout_misc_corridors, grunt_megastairs_4, uniq_sonja
Lair:5:   gammafunk_lair_ancient_temple, layout_regular_city,
          minmay_slime_entry_pillars, serial_bayou_shore_b
Slime:1:  layout_caves, basic_altar, nicolae_slime_barrier

Skill      XL: |  1  2  3  4  5  6  7  8  9 10 11 12 13 14 |
---------------+-------------------------------------------+-----
Stealth        | 2 3 |  3.2
Dodging        | 3 4 |  4.0
Spellcasting   | 4 5 6 7 9 10 11 12 13 | 13.9
Fighting       | 2 4 6 8 10 12 13 15 17 | 17.0

Action                     |  1- 3 |  4- 6 |  7- 9 | 10-12 | 13-15 || total
---------------------------+-------+-------+-------+-------+-------++-------
  Melee: Battleaxe         |       |       |       |     3 |     3 ||     6
   Cast: Magic Dart        |    71 |    83 |   311 |    83 |    79 ||   627
         Iskenderun's Myst |       |     3 |    18 |    80 |   151 ||   252
         Fulminant Prism   |       |     6 |    36 |   111 |    94 ||   247
         Summon Forest     |       |       |       |     5 |     1 ||     6
         Summon Small Mamm |       |       |       |     1 |       ||     1
    Use: Potion            |       |     2 |       |       |       ||     2
         Scroll            |       |       |     6 |    14 |     5 ||    25
 Armour: Robe              |       |       |     7 |       |       ||     7
         Troll leather arm |       |       |     3 |    23 |    39 ||    65
  Dodge: Dodged            |     5 |    10 |    96 |    67 |   105 ||   283

Table legend: (Time is in decaauts)
 A = Elapsed time spent in this place.
 B = Non-inter-level travel time spent in this place.
 C = Inter-level travel time spent in this place.
 D = Time resting spent in this place.
 E = Time spent auto-exploring this place.
 F = Levels seen in this place.
 G = Mean time per level.
                   A        B        C        D        E       F      G
               +--------+--------+--------+--------+--------+-----+--------+
         Total |  13579 |  13228 |    351 |    445 |   9661 |  20 |  679.0 |
       Dungeon |   7527 |   7254 |    273 |      0 |   5632 |  10 |  752.7 |
        Temple |      7 |      7 |      0 |      0 |      0 |   1 |    7.0 |
          Lair |   4886 |   4809 |     77 |    445 |   3509 |   5 |  977.2 |
    Slime Pits |     23 |     23 |      0 |      0 |      0 |   1 |   23.0 |
         Sewer |    518 |    518 |      0 |      0 |    384 |   1 |  518.0 |
       Ossuary |    325 |    325 |      0 |      0 |      0 |   1 |  325.0 |
       Volcano |    290 |    290 |      0 |      0 |    136 |   1 |  290.0 |
               +--------+--------+--------+--------+--------+-----+--------+

Top non-repeatable levels by time:
  Lair:5: 1425 daAuts
     D:4: 1162 daAuts
  Lair:3: 1010 daAuts
     D:8: 948 daAuts
     D:6: 885 daAuts
  Lair:2: 860 daAuts
  Lair:1: 856 daAuts
     D:1: 839 daAuts
     D:3: 811 daAuts
     D:9: 758 daAuts
  Lair:4: 733 daAuts
     D:7: 607 daAuts
    D:10: 588 daAuts
   Sewer: 518 daAuts
     D:5: 485 daAuts
